 Dungeon Crawl Stone Soup version 0.21-a0-135-g8dc100c (webtiles) character file.

198128 tabo the Brawler (level 17, -7/170 HPs)
             Began as a Troll Monk on July 16, 2017.
             Was a High Priest of Okawaru.
             Mangled by the 27-headed Lernaean hydra (10 damage)
             ... on level 4 of the Swamp on July 17, 2017.
             The game lasted 01:31:14 (27594 turns).

tabo the Brawler (Troll Monk)                      Turns: 27594, Time: 01:31:14

Health: -7/170     AC: 23    Str: 29    XL:     17   Next: 80%
Magic:  26/28      EV: 18    Int:  6    God:    Okawaru [*****.]
Gold:   2487       SH: 21    Dex: 18    Spells: 16/16 levels left

rFire    + + +     SeeInvis +     - Unarmed
rCold    + + +     Gourm    +   p - +0 large shield of the Midnight Sun {rF+ rC++ Str+2}
rNeg     . . .     Faith    .   o - +3 fire dragon scales
rPois    +         Spirit   .   B - +1 hat of Impermeability {rElec rC+++ Str+4 Dex-4 SInv}
rElec    +         Reflect  .   Z - +2 cloak {rC+}
rCorr    .         Harm     .   (gloves unavailable)
MR       +....                  (boots unavailable)
Stlth    +.........             v - amulet of the Catfish {+Rage rPois}
HPRegen  0.78/turn              z - +3 ring of slaying
MPRegen  0.21/turn              N - ring of magical power

@: agile, about to teleport, very slow
A: unfitting armour, claws 3, fast metabolism 3, gourmand, regeneration 1,
shaggy fur 1, tough skin 2
}: 1/15 runes: gossamer
a: Heroism, Finesse, Renounce Religion, Evoke Berserk Rage


You were on level 4 of the Swamp.
You worshipped Okawaru.
Okawaru was extremely pleased with you.
You were not hungry.

You visited 5 branches of the dungeon, and saw 28 of its levels.
You also visited: Labyrinth, Sewer and Ice Cave.

You collected 3027 gold pieces.
You spent 540 gold pieces at shops.

Inventory:

Missiles
 y - 6 silver javelins (quivered)
Armour
 l - a scarf of cloud immunity
 o - +3 fire dragon scales (worn)
 p - the +0 large shield of the Midnight Sun (worn) {rF+ rC++ Str+2}
   (You acquired it on level 11 of the Dungeon)

   It affects your strength (+2).
   It protects you from fire.
   It greatly protects you from cold.
 B - the +1 hat of Impermeability (worn) {rElec rC+++ Str+4 Dex-4 SInv}
   (Okawaru gifted it to you on level 5 of the Lair of Beasts)

   It affects your strength (+4).
   It affects your dexterity (-4).
   It renders you almost immune to cold.
   It insulates you from electricity.
   It lets you see invisible.
 M - a scarf of repulsion
 Z - a +2 cloak of cold resistance (worn)
Jewellery
 n - an uncursed ring of positive energy
 s - an uncursed ring of poison resistance
 t - an uncursed amulet of guardian spirit
 v - the amulet of the Catfish (around neck) {+Rage rPois}
   (You found it on level 7 of the Dungeon)

   [amulet of rage]

   It protects you from poison.
   It lets you go berserk.
 x - a +2 amulet of reflection
 z - a +3 ring of slaying (left claw)
 D - an uncursed ring of teleportation
 I - an uncursed amulet of faith {unknown}
 N - a ring of magical power (right claw)
 P - an uncursed ring of see invisible
 R - an uncursed ring of protection from magic
 U - an uncursed ring of protection from magic
 V - an uncursed amulet of the gourmand {unknown}
Wands
 a - a wand of confusion (20/48)
 h - a wand of confusion (31/48)
 r - a wand of clouds (0/9)
 w - a wand of lightning (6/15)
 C - a wand of acid (7/15)
 E - a wand of digging (7/24)
 H - a wand of digging (7/24)
 L - a wand of digging (12/24)
 W - a wand of flame (30/48)
 X - a wand of polymorph (12/24)
Scrolls
 k - a scroll of immolation
 F - 4 scrolls of magic mapping
 G - a scroll of fog
 K - 3 scrolls of remove curse
 S - 2 scrolls of amnesia
 Y - 2 scrolls of recharging
Potions
 d - 3 potions of brilliance
 e - 5 potions of flight
 f - 3 potions of curing
 g - 5 potions of agility
 i - 5 potions of ambrosia
 u - 8 potions of mutation
 J - a potion of invisibility {unknown}
 T - a potion of resistance
Books
 b - the Collected Works on Creative Orientation
   (You found it on level 3 of the Spider Nest)

   Spells                             Type                      Level
   a - Summon Butterflies             Summoning                    1
   b - Shroud of Golubria             Charms/Translocation         2
   c - Gell's Gravitas                Translocation                3
   d - Summon Ice Beast               Ice/Summoning                4
 c - a book of Unlife

   Spells                             Type                      Level
   a - Recall                         Summoning/Translocation      3
   b - Animate Dead                   Necromancy                   4
   c - Control Undead                 Necromancy                   4
   d - Cigotuvi's Embrace             Necromancy                   5
   e - Death Channel                  Necromancy                   6
   f - Simulacrum                     Ice/Necromancy               6
 Q - a book of Debilitation

   Spells                             Type                      Level
   a - Corona                         Hexes                        1
   b - Slow                           Hexes                        2
   c - Inner Flame                    Hexes/Fire                   3
   d - Portal Projectile              Hexes/Translocation          3
   e - Cause Fear                     Hexes                        4
   f - Leda's Liquefaction            Hexes/Earth                  4
Comestibles
 j - 10 meat rations
 q - 14 royal jellies
 A - 21 fruits
 O - 15 bread rations


   Skills:
 + Level 11.2 Fighting
   Level 7.2(7.6) Slings
 - Level 5.1(7.9) Throwing
 - Level 13.6 Armour
 + Level 9.1 Dodging
 - Level 1.0 Stealth
 + Level 12.9 Shields
 + Level 15.2 Unarmed Combat
 - Level 4.5 Invocations


You had 16 spell levels left.
You didn't know any spells.

Dungeon Overview and Level Annotations

Branches:
Dungeon (12/15)            Temple (0/1) D:6            Lair (6/6) D:10
  Swamp (4/4) Lair:2       Spider (4/4) Lair:4        Slime (0/5) Lair:6
    Orc (2/2) D:12            Elf (0/3) Orc:2

Altars:
Dithmenos
Elyvilon
Makhleb
Nemelex Xobeh
Okawaru
Qazlal
Trog
Uskayaw
Wu Jian
Beogh
Jiyva

Shops:
D:7 *   Orc:1 }   Orc:2 =[*(

Portals:
Hell: Lair:6

Annotations:
Lair:1 exclusion: oklob plant
Lair:5 exclusion: oklob plant
Lair:6 1 runed door
Swamp:4 Lernaean hydra
Spider:4 Agnes, Bai Suzhen, Louise


Innate Abilities, Weirdness & Mutations

You are too large for most types of armour.
You have claws for hands.
Your metabolism is lightning-fast.
You like to eat raw meat.
Your natural rate of healing is unusually fast.
You are covered in fur. (AC +1)
You have very tough skin. (AC +2)


Message History

The 27-headed Lernaean hydra bites you!
* * * LOW HITPOINT WARNING * * *
The 27-headed Lernaean hydra bites you but does no damage. x4
The 27-headed Lernaean hydra misses you.
The 27-headed Lernaean hydra bites you but does no damage.
The 27-headed Lernaean hydra barely misses you.
The 27-headed Lernaean hydra bites you but does no damage.
You block the 27-headed Lernaean hydra's attack.
The 27-headed Lernaean hydra misses you.
The 27-headed Lernaean hydra completely misses you.
The 27-headed Lernaean hydra barely misses you.
You block the 27-headed Lernaean hydra's attack.
The 27-headed Lernaean hydra bites you but does no damage.
The 27-headed Lernaean hydra bites you.
* * * LOW HITPOINT WARNING * * *
The 27-headed Lernaean hydra bites you!
* * * LOW HITPOINT WARNING * * *
The 27-headed Lernaean hydra barely misses you. x2
The 27-headed Lernaean hydra bites you!
You die...

≈≈≈...≈≈≈.♣# ♣≈≈.♣♣♣
≈≈≈≈♣..≈≈.§## ♣#≈≈...≈≈
.....≈≈≈..≈.##♣##♣ ♣♣♣.k≈..≈≈≈
♣....≈≈§≈..≈.≈♣#≈#♣#≈ii≈≈...?.
≈....≈≈...≈.♣≈≈≈≈≈♣kk†≈≈≈≈..≈≈
≈≈≈≈≈....≈PP.≈≈≈≈≈if.k≈≈§≈≈≈≈≈
≈≈≈≈≈.≈≈≈≈PP..≈≈vDPDPP≈≈≈≈≈≈≈≈
≈≈≈≈≈≈≈≈≈vPP..wkDD♣≈.♣....≈...
.≈≈≈≈≈≈≈≈.P≈≈)♣♣@♣♣≈♣♣♣≈≈≈♣♣♣.
.≈≈≈≈≈≈≈≈.PP≈≈♣♣♣♣≈♣♣ ♣♣♣♣
..≈≈≈≈≈..w≈≈.♣♣ PP
...≈≈≈≈≈.≈..≈♣


♣PP ≈....≈≈≈.≈♣♣♣♣ ♣.≈ ≈≈≈♣.≈≈≈.♣♣ ≈♣♣♣.≈≈.≈♣ ≈......♣♣♣ .....♣♣♣ You could see
the 27-headed Lernaean hydra, a thorn hunter, a six-headed hydra, 2 swamp
dragons, a lindwurm (wandering), 3 spriggan druids, a swamp worm, 4 swamp drakes
and 2 insubstantial wisps.

Vanquished Creatures
  Arachne (Spider:2)
  Nikola (Spider:2)
  Kirke (Lair:5)
  Donald (Spider:4)
  A fire giant (D:11)
  A frost giant (IceCv)
  2 orc warlords
  9 emperor scorpions
  4 ghost moths
  A war gargoyle (D:11)
  A stone giant (Orc:1)
  3 entropy weavers
  A dire elephant (Lair:6)
  3 spark wasps
  An ettin (D:11)
  A minotaur (Lab)
  16 hydras
  Harold (Lair:2)
  A hell beast (Lair:6)
  2 ghost crabs (Swamp:3)
  A centaur warrior (D:11)
  4 two-headed ogres
  A tengu warrior (D:11)
  A death yak (Lair:6)
  8 death scarabs (Spider:4)
  2 alligators
  An orc high priest (Orc:2)
  8 spriggans
  Urug (Lair:5)
  A spectral emperor scorpion (Spider:4)
  A wizard (Lair:6)
  3 wolf spider zombies (Spider:4)
  11 swamp dragons
  Pikel (D:5)
  A lindwurm (Swamp:4)
  2 spectral wolf spiders (Spider:4)
  A deep elf mage (D:12)
  6 orc knights
  13 orb spiders
  5 orc sorcerers
  2 ugly things
  2 cyclopes
  6 slime creatures
  29 wolf spiders
  10 elephants
  2 moths of wrath
  3 black mambas
  2 ice statues (IceCv)
  Joseph (D:7)
  23 spiny frogs
  2 orange demons (Lair:6)
  7 rime drakes
  10 komodo dragons
  3 spectral redbacks (Spider:4)
  A redback zombie (Spider:4)
  2 ice devils (Lair:6)
  15 demonic crawlers
  2 red devils (Lair:6)
  The ghost of sergedm the Magician, a novice DECj (Sewer)
  A hellwing (Lair:6)
  22 hornets
  19 polar bears
  A queen bee (D:9)
  5 trolls
  32 jumping spiders
  Prince Ribbit (D:7)
  A tyrant leech (Swamp:1)
  4 spectral jumping spiders (Spider:4)
  3 spectral tarantellas (Spider:4)
  A dream sheep (Lair:6)
  3 hippogriffs (Lair:6)
  3 bog bodies
  92 redbacks
  49 tarantellas
  3 hogs (Lair:5)
  38 yaks
  2 basilisks
  3 wyverns
  3 steam dragons
  9 vampire mosquitoes
  A warg (Orc:1)
  Grum (D:8)
  11 insubstantial wisps
  7 swamp worms
  3 soldier ants (D:10)
  3 hell hounds (Lair:6)
  2 acid dragons (D:11)
  A spectral hornet (Spider:4)
  3 swamp drakes
  25 water moccasins
  7 porcupines
  An ice beast (D:9)
  29 orc warriors
  5 sky beasts
  4 black bears
  3 hornet zombies
  A slave (D:5)
  4 phantoms
  10 ogres
  An eye of draining (D:12)
  7 centaurs
  15 wolves
  13 crocodiles
  A big kobold (D:9)
  20 bullfrogs
  3 scorpions
  29 killer bees
  6 howler monkeys
  2 troll skeletons (Lab)
  4 crimson imps
  3 centaur zombies
  A bullfrog zombie (D:12)
  2 quasits
  8 hounds
  4 jellies
  19 orc priests
  3 bullfrog skeletons
  A centaur skeleton (Lab)
  3 iguanas
  8 worker ants
  15 orc wizards
  The ghost of 4thArraOfDagon the Covered, a weakling HuWn (D:3)
  2 hound zombies
  An ogre skeleton (Lab)
  2 worker ant zombies (D:8)
  9 gnolls
  25 adders
  A shadow imp (D:8)
  An adder skeleton (D:7)
  4 worms
  3 dart slugs
  10 leopard geckos
  73 orcs
  6 ball pythons
  9 giant cockroaches
  7 goblins
  6 hobgoblins
  11 jackals
  2 quokkas (D:10)
  9 bats
  7 frilled lizards
  17 kobolds
  11 rats
  A fungus (Lair:6)
1049 creatures vanquished.

Vanquished Creatures (others)
  A lindwurm (Swamp:4)
  4 redbacks (Spider:4)
  A tarantella (Spider:4)
  A quokka (D:9)
  4 briar patches (Swamp:4)
  A fungus (Lair:2)
  5 plants
17 creatures vanquished.

Grand Total: 1066 creatures vanquished

Notes
Turn   | Place    | Note
-------+----------+-------------------------------------------
     0 | D:1      | tabo the Troll Monk began the quest for the Orb.
     0 | D:1      | Reached XP level 1. HP: 22/22 MP: 0/0
    67 | D:1      | Reached XP level 2. HP: 22/29 MP: 1/1
    69 | D:1      | Reached skill level 1 in Armour
   538 | D:1      | Reached XP level 3. HP: 35/36 MP: 2/2
   853 | D:2      | Reached skill level 4 in Unarmed Combat
   940 | D:2      | Reached XP level 4. HP: 44/44 MP: 3/3
  1532 | D:3      | Reached XP level 5. HP: 29/50 MP: 4/4
  1608 | D:3      | Noticed 4thArraOfDagon's ghost (weakling HuWn)
  1797 | D:3      | Found an iron altar of Okawaru.
  1797 | D:3      | Found an ornate altar of the Wu Jian Council.
  1798 | D:3      | Found a burning altar of Makhleb.
  1874 | D:3      | Reached skill level 5 in Unarmed Combat
  1887 | D:3      | Found a glowing drain.
  1903 | Sewer    | Entered a sewer
  1989 | Sewer    | Noticed sergedm's ghost (novice DECj)
  2004 | Sewer    | Killed sergedm's ghost
  2004 | Sewer    | Reached XP level 6. HP: 6/61 MP: 5/5
  2152 | Sewer    | Reached skill level 6 in Unarmed Combat
  2280 | Sewer    | Reached XP level 7. HP: 39/67 MP: 6/6
  2391 | D:3      | Killed 4thArraOfDagon's ghost
  3148 | D:3      | Became a worshipper of Warmaster Okawaru
  3148 | D:3      | Reached * piety under Okawaru
  3148 | D:3      | Reached ** piety under Okawaru
  3544 | D:5      | Entered Level 5 of the Dungeon
  3566 | D:5      | Noticed Pikel
  3657 | D:5      | Killed Pikel
  3657 | D:5      | Reached *** piety under Okawaru
  3657 | D:5      | Reached skill level 7 in Unarmed Combat
  3657 | D:5      | Reached XP level 8. HP: 78/78 MP: 7/7
  3713 | D:5      | Reached skill level 8 in Unarmed Combat
  3812 | D:5      | Found a sparkling altar of Nemelex Xobeh.
  3893 | D:5      | Found a bloodstained altar of Trog.
  4332 | D:6      | Reached skill level 1 in Invocations
  4362 | D:6      | Reached skill level 5 in Armour
  4609 | D:6      | Reached XP level 9. HP: 85/85 MP: 6/9
  4613 | D:6      | Reached **** piety under Okawaru
  4698 | D:6      | Found a staircase to the Ecumenical Temple.
  4927 | D:7      | Noticed Joseph
  4932 | D:7      | Noticed Prince Ribbit
  4937 | D:7      | Killed Joseph
  4942 | D:7      | Killed Prince Ribbit
  5148 | D:7      | Found Rusone's General Store.
  5158 | D:7      | Got a clouded jade amulet
  5255 | D:7      | Identified the amulet of the Catfish {+Rage rPois} (You found it on level 7 of the Dungeon)
  5436 | D:7      | Found a stormy altar of Qazlal.
  5451 | D:7      | Reached skill level 9 in Unarmed Combat
  5462 | D:7      | Reached skill level 5 in Fighting
  5622 | D:8      | Noticed Grum
  5640 | D:8      | Killed Grum
  5733 | D:8      | Reached XP level 10. HP: 89/96 MP: 9/12
  5813 | D:8      | Found a shadowy altar of Dithmenos.
  5836 | D:8      | Noticed a two-headed ogre
  5841 | D:8      | Killed a two-headed ogre
  5841 | D:8      | Reached ***** piety under Okawaru
  5841 | D:8      | Received a gift from Okawaru
  6100 | D:8      | Reached skill level 10 in Unarmed Combat
  6644 | D:9      | Noticed a two-headed ogre
  6649 | D:9      | Killed a two-headed ogre
  6649 | D:9      | Received a gift from Okawaru
  6792 | D:9      | Reached skill level 11 in Unarmed Combat
  6805 | D:9      | Found a white marble altar of Elyvilon.
  6835 | D:9      | Noticed a dagger
  6835 | D:9      | Noticed a dagger
  6836 | D:9      | Found a hide-covered altar of Uskayaw.
  7272 | D:9      | Reached skill level 5 in Dodging
  7529 | D:10     | Entered Level 10 of the Dungeon
  7536 | D:10     | Noticed a purple ugly thing
  7536 | D:10     | Noticed a two-headed ogre
  7542 | D:10     | Killed a two-headed ogre
  7542 | D:10     | Reached XP level 11. HP: 57/107 MP: 10/13
  7568 | D:10     | Killed a purple ugly thing
  8018 | D:10     | Found a runed door.
  8023 | D:10     | Found a runed gate.
  8024 | D:10     | Found a runed door.
  8032 | D:10     | Received a gift from Okawaru
  8064 | D:10     | Found a runed gate.
  8064 | D:10     | Found a runed gate.
  8094 | D:10     | Reached skill level 12 in Unarmed Combat
  8243 | D:10     | Found a staircase to the Lair.
  8298 | Lair:1   | Entered Level 1 of the Lair of Beasts
  8531 | Lair:1   | Noticed an eight-headed hydra
  8531 | Lair:1   | Noticed an oklob plant
  8549 | Lair:2   | Noticed Harold
  8561 | Lair:2   | Noticed a four-headed hydra
  8576 | Lair:2   | Reached skill level 1 in Slings
  8580 | Lair:2   | Reached skill level 1 in Throwing
  8600 | Lair:2   | Killed Harold
  8885 | Lair:2   | Found a staircase to the Swamp.
  9165 | Lair:2   | Reached XP level 12. HP: 118/119 MP: 14/14
  9275 | Lair:2   | Killed an eight-headed hydra
  9391 | Lair:3   | Noticed an eight-headed hydra
  9821 | Lair:3   | Received a gift from Okawaru
  9959 | Lair:3   | Killed a 12-headed hydra
 10657 | Lair:4   | Found a hole to the Spider Nest.
 10702 | Lair:4   | Found a frozen archway.
 10742 | IceCv    | Entered an ice cave
 10759 | IceCv    | Reached skill level 13 in Unarmed Combat
 10925 | IceCv    | Received a gift from Okawaru
 11165 | IceCv    | Noticed a frost giant
 11183 | IceCv    | Reached XP level 13. HP: 117/128 MP: 13/15
 11196 | IceCv    | Killed a frost giant
 11196 | IceCv    | Reached skill level 5 in Slings
 12924 | Lair:5   | Noticed Kirke
 12948 | Lair:5   | Killed Kirke
 13087 | Lair:5   | Noticed Urug
 13096 | Lair:5   | Killed Urug
 13096 | Lair:5   | Received a gift from Okawaru
 13100 | Lair:5   | Got a faintly humming hat {god gift}
 13111 | Lair:5   | Identified the +1 hat of Impermeability {rElec rC+++ Str+4 Dex-4 SInv} (Okawaru gifted it to you on level 5 of the Lair of Beasts)
 13537 | Lair:6   | Entered Level 6 of the Lair of Beasts
 13579 | Lair:6   | Found a labyrinth entrance.
 13591 | Lab      | Entered a labyrinth
 13707 | Lab      | Noticed a minotaur
 13713 | Lab      | Killed a minotaur
 13713 | Lab      | Reached skill level 14 in Unarmed Combat
 13717 | Lab      | Identified the Collected Works on Blistering Shape Shifting
 13722 | Lab      | Got a ripped robe
 13723 | Lab      | Identified the +1 robe "Luevojef" {Str+4 Dex-3 Stlth+} (You found it in a labyrinth)
 13847 | Lair:6   | Found a runed door.
 13848 | Lair:6   | Found a viscous altar of Jiyva.
 14356 | Lair:6   | Noticed a dire elephant
 14369 | Lair:6   | Killed a dire elephant
 14369 | Lair:6   | Reached XP level 14. HP: 124/140 MP: 13/16
 14402 | Lair:6   | Found a burning altar of Makhleb.
 14424 | Lair:6   | Received a gift from Okawaru
 14454 | Lair:6   | Found a gateway to Hell.
 14702 | Lair:6   | Found a staircase to the Slime Pits.
 14759 | Lair:6   | Received a gift from Okawaru
 14811 | Lair:6   | Found an ornate altar of the Wu Jian Council.
 15946 | D:11     | Identified a scroll of acquirement
 15947 | D:11     | Got a twisted large shield
 15953 | D:11     | Identified the +0 large shield of the Midnight Sun {rF+ rC++ Str+2} (You acquired it on level 11 of the Dungeon)
 16101 | D:11     | Reached skill level 1 in Shields
 16180 | D:11     | Received a gift from Okawaru
 16599 | D:11     | Found a runed door.
 16610 | D:11     | Noticed a war gargoyle
 16614 | D:11     | Killed a war gargoyle
 16634 | D:11     | Received a gift from Okawaru
 16669 | D:11     | Noticed a fire giant
 16690 | D:11     | Killed a fire giant
 16925 | D:11     | Reached skill level 5 in Shields
 17299 | D:12     | Found a roughly hewn altar of Beogh.
 17299 | D:12     | Found a staircase to the Orcish Mines.
 18080 | Orc:1    | Entered Level 1 of the Orcish Mines
 18090 | Orc:1    | Noticed an orc warlord
 18091 | Orc:1    | Noticed a stone giant
 18108 | Orc:1    | Killed an orc warlord
 18133 | Orc:1    | Killed a stone giant
 18133 | Orc:1    | Reached skill level 10 in Armour
 18319 | Orc:1    | Found Mafeal Xate's Quality Used Wands.
 18470 | Orc:2    | Entered Level 2 of the Orcish Mines
 18613 | Orc:2    | Found a staircase to the Elven Halls.
 18748 | Orc:2    | Reached XP level 15. HP: 149/149 MP: 17/17
 18756 | Orc:2    | Noticed an orc warlord
 18774 | Orc:2    | Killed an orc warlord
 18813 | Orc:2    | Found a roughly hewn altar of Beogh.
 18852 | Orc:2    | Paralysed by an orc sorcerer for 4 turns
 19024 | Orc:2    | Found Quton's General Store.
 19135 | Orc:2    | Found Qihaga's Jewellery Emporium.
 19150 | Orc:2    | Found Ranuumapa's Antique Armour Emporium.
 19166 | Orc:2    | Found Gutis's Antique Weapon Emporium.
 19373 | Orc:2    | Bought a +3 ring of slaying for 540 gold pieces
 19729 | Spider:1 | Entered Level 1 of the Spider Nest
 19961 | Spider:1 | Received a gift from Okawaru
 20405 | Spider:1 | Upgraded the game from 0.21-a0-128-gf2b353c to 0.21-a0-133-gf55ed5b
 20455 | Spider:1 | Received a gift from Okawaru
 20509 | Spider:1 | Noticed a ghost moth
 21333 | Spider:1 | Killed a ghost moth
 21536 | Spider:1 | Received a gift from Okawaru
 21556 | Spider:2 | Noticed Nikola
 21569 | Spider:2 | Killed Nikola
 21569 | Spider:2 | Reached skill level 10 in Shields
 21943 | Spider:2 | Reached XP level 16. HP: 141/157 MP: 18/18
 22033 | Spider:2 | Received a gift from Okawaru
 22183 | Spider:2 | Reached ****** piety under Okawaru
 22217 | Spider:2 | Noticed Arachne
 22247 | Spider:2 | Killed Arachne
 22247 | Spider:2 | Received a gift from Okawaru
 22247 | Spider:2 | Received a gift from Okawaru
 22247 | Spider:2 | Reached skill level 5 in Throwing
 22640 | Spider:3 | Found a transporter.
 23114 | Spider:3 | Found a transporter.
 23294 | Spider:3 | Received a gift from Okawaru
 23294 | Spider:3 | Reached skill level 10 in Fighting
 23344 | Spider:3 | Identified the Collected Works on Creative Orientation
 23357 | Spider:3 | Got a pitted bronze ring
 23359 | Spider:3 | Identified the ring "Neogiruh" {rC+ Int+5} (You found it on level 3 of the Spider Nest)
 23369 | Spider:3 | Got a coiled granite ring
 23370 | Spider:3 | Identified the ring of Zisu Zio {rC+ rN+ Str+2} (You found it on level 3 of the Spider Nest)
 23421 | Spider:4 | Entered Level 4 of the Spider Nest
 23510 | Spider:4 | Received a gift from Okawaru
 23585 | Spider:4 | Noticed Bai Suzhen
 23593 | Spider:4 | Noticed Agnes
 23599 | Spider:4 | Noticed Donald
 23606 | Spider:4 | Noticed Louise
 23630 | Spider:4 | Received a gift from Okawaru
 23861 | Spider:4 | Received a gift from Okawaru
 24072 | Spider:4 | Reached XP level 17. HP: 99/167 MP: 13/19
 24097 | Spider:4 | HP: 6/167 [wolf spider (17)]
 24502 | Spider:4 | Got a gossamer rune of Zot
 24644 | Spider:4 | Killed Donald
 24907 | Lair:4   | Upgraded the game from 0.21-a0-133-gf55ed5b to 0.21-a0-135-g8dc100c
 24959 | Swamp:1  | Entered Level 1 of the Swamp
 25706 | Swamp:2  | Reached skill level 15 in Unarmed Combat
 27317 | Swamp:4  | Entered Level 4 of the Swamp
 27330 | Swamp:4  | Received a gift from Okawaru
 27581 | Swamp:4  | Noticed the 27-headed Lernaean hydra
 27594 | Swamp:4  | HP: 3/170 [the 27-headed Lernaean hydra (7)]
 27594 | Swamp:4  | Mangled by the 27-headed Lernaean hydra

Vault maps used:
D:1:      lightli_arrival_maybe_door_vault
D:3:      gammafunk_temple_overflow_claw, portal_sewer_entry_a, first_bread,
          minmay_misc_feat_iff, hex_intersection, minmay_door_square
D:5:      nicolae_overflow_hidden_temple, lightli_temple_of_fire, uniq_pikel
D:6:      kennysheep_spiral_hall, minmay_temple_entry_butterflies
D:7:      nicolae_qazlal_eye_of_the_storm, serial_shops, shop, feat_on_display,
          uniq_joseph, uniq_prince_ribbit1
D:8:      wad_guarded_room, nicolae_dithmenos_the_darkroom, uniq_grum
D:9:      dancing_weapons_uskayaw, elyvilon_altar_4, david_nohive_1
D:10:     grunt_lair_entry_orc_guard_hut, minmay_guarded_unrand_staff_of_olgreb
D:11:     minivault_13
D:12:     david_orc_5
Lair:1:   cheibrodos_lair_river_kwai, serial_bayou_shore_b,
          minmay_lair_oklob_chamber, grunt_megastairs_2, serial_bayou_shore_b
Lair:2:   minmay_swamp_entry_reptiles, lemuel_fruit_fields, uniq_harold
Lair:3:   grunt_forest_stairs_basic
Lair:4:   spider_nest_entry_webs, portal_ice_cave_entry_animals_and_master,
          st_stairs_6
Lair:5:   minmay_lair_oklob_tunnel, cheibrodos_lair_reptile_den, uniq_kirke,
          uniq_urug
Lair:6:   evil_forest, slime_altar_2, lab_entry_generic,
          eino_small_chamber_without_monster, lemuel_centaur_altar
Swamp:1:  evilmike_swamp_ruin_rubble_2
Swamp:2:  hangedman_swamp_pad
Swamp:3:  evilmike_swamp_ruin_house_1, swamp_pool2, st_swamp_ruins_2
Swamp:4:  swamp_alternative, swamp_pool2
Spider:1: nicolae_spider_hall_of_the_moth_king,
          hangedman_spider_tarantella_strand
Spider:2: nicolae_spider_cling_halls, uniq_arachne, uniq_nikola
Spider:3: gammafunk_its_a_trap
Spider:4: floodkiller_spider_rune_tomb, uniq_donald, uniq_bai_suzhen,
          uniq_louise, uniq_agnes
Orc:1:    serial_shops, shop_statue, library_closet, nicolae_for_you_no_charge
Orc:2:    grunt_orc_cross
Lab:      labyrinth_spiral, labyrinth_glass_1, labyrinth_fake_exit,
          nicolae_lab_swirl, nicolae_lab_grate, nicolae_lab_very_dead_end
Sewer:    sewer_frog_island_01
IceCv:    ice_cave_small_giant

Skill      XL: |  1  2  3  4  5  6  7  8  9 10 11 12 13 14 15 16 17 |
---------------+----------------------------------------------------+-----
Armour         | 1 2 3 4 5 6 7 8 10 12 13 | 13.6
Unarmed Combat | 4 5 6 7 8 9 11 12 13 14 15 | 15.2
Fighting       | 3 4 5 6 7 8 9 10 11 | 11.2
Invocations    | 2 4 |  4.5
Dodging        | 3 5 6 7 8 9 |  9.1
Slings         | 3 4 6 7 |  7.2
Throwing       | 2 4 5 |  5.1
Shields        | 6 10 12 | 12.9
Stealth        | |  1.0

Action                   |  1- 3 |  4- 6 |  7- 9 | 10-12 | 13-15 | 16-18 || total
-------------------------+-------+-------+-------+-------+-------+-------++-------
Melee: Unarmed           |   105 |   160 |   289 |   565 |  1336 |  1005 ||  3460
       Punch             |     2 |       |    13 |    56 |    56 |       ||   127
Throw: Stone             |     4 |       |     1 |       |       |       ||     5
       Javelin           |       |       |       |    11 |    32 |    28 ||    71
       Large rock        |       |       |       |       |       |     4 ||     4
Invok: Heroism           |       |       |     5 |    35 |    53 |    59 ||   152
       Finesse           |       |       |       |     2 |    10 |    11 ||    23
 Abil: Evoke Berserk Rag |       |       |       |       |     1 |       ||     1
Evoke: Wand              |       |       |       |     5 |     1 |       ||     6
  Use: Scroll            |       |       |    16 |     7 |    17 |    10 ||    50
       Potion            |       |       |       |     6 |     5 |    23 ||    34
 Stab: Distracted        |     1 |       |       |     1 |       |       ||     2
       Sleeping          |     1 |     2 |       |       |       |       ||     3
       Held in net/web   |       |       |       |     1 |       |       ||     1
  Eat: Chunk             |    12 |    13 |    30 |    53 |    77 |    23 ||   208
       Bread ration      |       |       |       |       |     3 |     2 ||     5
       Meat ration       |       |       |       |       |       |     4 ||     4
Armor: Robe              |    43 |    55 |       |    22 |     2 |       ||   122
       Fire dragon scale |       |       |   120 |   194 |   536 |   539 ||  1389
Dodge: Dodged            |    59 |    88 |   109 |   335 |   574 |   607 ||  1772
       Deflected         |       |       |       |     1 |       |       ||     1
Block: Other             |       |       |     5 |    20 |       |       ||    25
       Large shield      |       |       |       |       |   808 |  1321 ||  2129
